 Dungeon Crawl Stone Soup version 0.26-a0-259-g1effd001a9 (webtiles) character file.

Game seed: 2308729746820073732

697 sanka the Slinger (level 7, -5/45 HPs)
             Began as a Halfling Hunter on July 12, 2020.
             Killed by nerve-wracking pain
             ... invoked by Grinder
              (13 damage)
             ... on level 4 of the Dungeon.
             The game lasted 00:07:17 (3415 turns).

sanka the Slinger (Halfling Hunter)                 Turns: 3415, Time: 00:07:18

Health: -5/45      AC:  3    Str: 14    XL:     7   Next: 97%
Magic:  7/7        EV: 15    Int:  9    God:
Gold:   213        SH:  0    Dex: 16    Spells: 6/6 levels left

rFire    + . .     SeeInvis .   a - +1 hunting sling
rCold    + . .     Faith    .   (shield restricted)
rNeg     . . .     Spirit   .   c - +0 leather armour
rPois    +         Reflect  .   (no helmet)
rElec    .         Harm     .   g - scarf {rC+ rF+}
rCorr    .                      (no gloves)
MR       .....                  (no boots)
Stlth    ++........             (no amulet)
HPRegen  0.15/turn              h - ring of poison resistance
MPRegen  0.10/turn              (no ring)

@: no status effects
A: small, mutation resistance 1
a: no special abilities


You were on level 4 of the Dungeon.
You were not hungry.

You visited 1 branch of the dungeon, and saw 4 of its levels.

You collected 213 gold pieces.


Innate Abilities, Weirdness & Mutations

You are small and have problems with some larger weapons.
You are somewhat resistant to further mutation.


   Skills:
 + Level 2.4 Fighting
 - Level 12.0 Slings
 * Level 3.2 Dodging
 - Level 1.1 Stealth


You had 6 spell levels left.
You didn't know any spells.
Your spell library was empty.

Inventory:

Hand Weapons
 a - a +1 hunting sling (weapon)
 b - a +0 short sword
 m - a +0 short sword of freezing
 y - a +0 morningstar
Missiles
 e - 120 stones
 t - 8 poisoned darts
 z - 5 sling bullets (quivered)
Armour
 c - a +0 leather armour (worn)
 g - a scarf of resistance (worn)
Jewellery
 h - a ring of poison resistance (left hand)
 r - an uncursed amulet of guardian spirit {unknown}
Wands
 v - a wand of random effects (14)
Scrolls
 j - 4 scrolls of remove curse {unknown}
 k - 2 scrolls of amnesia {unknown}
 n - a scroll of enchant armour {unknown}
 q - 3 scrolls of identify {unknown}
 u - a scroll of blinking {unknown}
 w - a scroll of fear {unknown}
Potions
 d - a potion of degeneration {unknown}
 i - 2 potions of curing {unknown}
 l - 2 potions of haste {unknown}
 o - a potion of mutation {unknown}
 p - a potion of magic {unknown}
 s - a potion of lignification {unknown}
 x - 2 potions of flight {unknown}
Comestibles
 f - 8 rations

Dungeon Overview and Level Annotations

Branches:
Dungeon (4/15)
 Temple: D:4-7

Altars:
Ashenzari
Dithmenos
Elyvilon
Fedhas
Nemelex Xobeh
Qazlal
Vehumet
Wu Jian
Xom

Annotations:
D:4 Grinder

▒▒▒...▒▒.▒ ▒..▒▒...▒
▒▒.▒▒▒.▒▒▒ ▒..▒▒..▒▒▒▒
..........▒ ▒.........▒
▒▒........▒▒▒▒▒▒▒▒▒▒▒▒▒
▒.........▒.....▒.....▒▒
..............5.p......▒▒
.......[.....[[.[..<....▒
▒▒......................▒
▒......................▒
..............†.........▒
▒▒▒▒▒▒▒▒▒....†..........▒
▒...†...........▒
▒▒.............▒▒
▒▒.....▒..<..▒▒


You could see Grinder.


Message History

* * * LOW HITPOINT WARNING * * *
Firing (i - inventory. (/) - cycle)
z - 6 sling bullets (quivered)
Aim: an iguana (almost dead)
You shoot a sling bullet. The sling bullet hits the iguana!
You kill the iguana!
No target in view!
Grinder gestures at you.
You struggle to resist.
Grinder says, "DUCK!"
Grinder blinks!
Grinder gestures at you. Pain shoots through your body!
* * * LOW HITPOINT WARNING * * *
Grinder gestures at you.
You suddenly lose the ability to move!
Grinder hits you.
* * * LOW HITPOINT WARNING * * *
You writhe in agony.
* * * LOW HITPOINT WARNING * * *
Grinder gestures at you. You resist with significant effort.
You can move again.
Unknown command.
Unknown command.
Grinder hits you but does no damage.
Grinder says, "FISH!"
Grinder gestures at you. Pain shoots through your body!
You die...

Action                   |  1- 3 |  4- 6 |  7- 9 || total
-------------------------+-------+-------+-------++-------
Melee: Morningstar       |       |       |    10 ||    10
 Fire: Hunting sling     |    83 |   163 |    80 ||   326
Throw: Dart              |       |     1 |     1 ||     2
Evoke: Wand              |       |       |     4 ||     4
 Stab: Paralysed         |       |       |     6 ||     6
  Eat: Ration            |       |     2 |       ||     2
Armor: Leather armour    |     3 |    10 |     2 ||    15
Dodge: Dodged            |    10 |    32 |     9 ||    51

Levels and vault maps discovered:
D:1:      eino_arrival_cavern_b, layout_loops_ring
D:2:      layout_loops_ring, chequers_temple_overflow_statue_of_worship,
          xom_butterflies, lemuel_round_altar, fedhas_altar_2,
          grunt_dithmenos_smoke
D:3:      layout_basic, elyvilon_altar_3, first_ration,
          nemelex_spade_bored_becter, uniq_sigmund
D:4:      layout_rooms, uniq_grinder, uniq_menkaure, uniq_ijyb

Notes
Turn   | Place    | Note
-------+----------+-------------------------------------------
     0 | D:1      | sanka the Halfling Hunter began the quest for the Orb.
     0 | D:1      | Reached XP level 1. HP: 14/14 MP: 1/1
    64 | D:1      | Identified a scarf of resistance (You found it on level 1
                  | of the Dungeon)
    84 | D:1      | Reached skill level 6 in Slings
    93 | D:1      | Reached skill level 2 in Fighting
   128 | D:1      | Reached XP level 2. HP: 19/19 MP: 2/2
   333 | D:1      | Reached XP level 3. HP: 24/24 MP: 3/3
   394 | D:1      | Reached skill level 7 in Slings
   719 | D:2      | Found a blossoming altar of Fedhas.
   772 | D:2      | Reached XP level 4. HP: 29/29 MP: 4/4
   818 | D:2      | Reached skill level 8 in Slings
   940 | D:2      | Found a shimmering altar of Xom.
  1114 | D:2      | Found a radiant altar of Vehumet.
  1118 | D:2      | Found a stormy altar of Qazlal.
  1120 | D:2      | Found a shattered altar of Ashenzari.
  1120 | D:2      | Found an ornate altar of the Wu Jian Council.
  1261 | D:2      | Reached XP level 5. HP: 34/34 MP: 5/5
  1313 | D:2      | Found a shadowy altar of Dithmenos.
  1506 | D:3      | Noticed Sigmund
  1874 | D:3      | Killed Sigmund
  1874 | D:3      | Reached skill level 10 in Slings
  1874 | D:3      | Reached XP level 6. HP: 29/39 MP: 6/6
  2256 | D:3      | Found a sparkling altar of Nemelex Xobeh.
  2712 | D:3      | Found a white marble altar of Elyvilon.
  2738 | D:3      | Reached XP level 7. HP: 36/45 MP: 7/7
  2742 | D:3      | Reached skill level 11 in Slings
  3156 | D:4      | Noticed Grinder
  3269 | D:4      | Noticed Menkaure
  3282 | D:4      | Killed Menkaure
  3282 | D:4      | Reached skill level 12 in Slings
  3368 | D:4      | Noticed Ijyb
  3388 | D:4      | Killed Ijyb
  3388 | D:4      | Reached skill level 3 in Dodging
  3406 | D:4      | Paralysed by Grinder for 4 turns
  3415 | D:4      | Killed from afar by Grinder

Vanquished Creatures
  Sigmund (D:3)
  Menkaure (D:4)
  A centaur zombie (D:3)
  2 orc priests
  3 orc wizards
  Ijyb (D:4)
  An iguana (D:4)
  2 worker ants (D:4)
  6 adders
  An adder zombie (D:2)
  A worm (D:3)
  2 dart slugs
  3 leopard geckos
  4 orcs (D:3)
  2 ball pythons
  6 giant cockroaches
  8 goblins
  8 hobgoblins
  11 jackals
  6 quokkas
  17 bats
  4 frilled lizards
  A jackal skeleton (D:3)
  5 kobolds
  A quokka skeleton (D:4)
  5 rats
103 creatures vanquished.
